AoeStats
← Baggi

Arabia

510121924Analyzed
1v1 RM · 2d ago on Sep 29, 2026· 39m 58s· 2 players
Game mode
Random Map
Map size
Tiny (2 player)
Population
200
Speed
Normal
Resources
Standard
Victory
Conquest
Starting age
Dark Age
Ending age
Imperial Age
RankedLock teamsTeams togetherTeam positionsShared explorationLock speedFull tech treeHidden civsTurbo modeCheats
Victory
Defeat
🇧🇷 Franks · Brazil
988
+17
🇨🇿 Goths · Czechia
1011
-44
Baggi
7:28 Loom
9:35 Feudal Age
10:15 Double-Bit Axe
17:08 Scale Barding Armor
17:15 Forging
21:21 Castle Age
19:26 Gold Mining
21:41 Wheelbarrow
22:45 Bow Saw
22:48 Husbandry
23:11 Scale Mail Armor
23:16 Squires
23:45 Hand Cart
24:36 Town Watch
29:14 Gold Shaft Mining
28:30 Stone Mining
29:42 Chain Barding Armor
32:23 Town Patrol
36:46 Imperial Age
33:50 Ordonnance Companies
34:25 Light Cavalry
35:34 Ballistics
34:55 Treadmill Crane
35:27 Fortified Wall
35:12 Murder Holes
36:27 Masonry
37:35 Iron Casting
37:16 Chain Mail Armor
36:56 Cavalier
39:08 Conscription
40:10 Plate Barding Armor
40:37 Blast Furnace
39:49 Chivalry
tominosik
1:02 Loom
12:05 Feudal Age
15:26 Forging
15:17 Scale Mail Armor
16:58 Wheelbarrow
20:42 Double-Bit Axe
20:40 Horse Collar
25:16 Castle Age
23:40 Town Watch
24:05 Gold Mining
25:04 Man-at-Arms
27:15 Squires
28:42 Bow Saw
28:43 Pikeman
35:22 Iron Casting
37:09 Stone Mining
37:45 Anarchy
Connection lost

Rejoining the realm…

Still unreachable

The connection could not be restored.

Session expired

The server has moved on; the page needs a fresh start.